 Dungeon Crawl Stone Soup version 0.25.0 (webtiles) character file.

Game seed: 16059156114429827229

28 gruber the Shooter (level 2, -1/24 HPs)
             Began as a Centaur Hunter on June 12, 2020.
             Shot with an arrow by a centaur (9 damage)
             ... on level 2 of the Dungeon.
             The game lasted 00:01:10 (848 turns).

gruber the Shooter (Centaur Hunter)                  Turns: 848, Time: 00:01:11

Health: -1/24      AC:  5    Str: 14    XL:     2   Next: 96%
Magic:  2/2        EV:  9    Int: 10    God:
Gold:   32         SH:  0    Dex:  9    Spells: 1/1 levels left

rFire    . . .     SeeInvis .   a - +2 shortbow
rCold    . . .     Gourm    .   (shield currently unavailable)
rNeg     . . .     Faith    .   c - +0 leather armour
rPois    .         Spirit   .   (no helmet)
rElec    .         Reflect  .   k - +0 cloak
rCorr    .         Harm     .   (no gloves)
MR       .....                  (no barding)
Stlth    +.........             (no amulet)
HPRegen  0.08/turn              (no ring)
MPRegen  0.08/turn              (no ring)

@: hasted, very quick
A: large, hooves 3, deformed body, speed 2, tough skin 3
a: no special abilities


You were on level 2 of the Dungeon.
You were not hungry.

You visited 1 branch of the dungeon, and saw 2 of its levels.

You collected 32 gold pieces.

Inventory:

Hand Weapons
 a - a +2 shortbow (weapon)
 b - a +0 short sword
Missiles
 d - 15 arrows (quivered)
Armour
 c - a +0 leather armour (worn)
 k - a +0 cloak (worn)
Scrolls
 l - a scroll of random uselessness {unknown}
 n - 5 scrolls of identify {unknown}
 o - a scroll of noise {unknown}
 q - a scroll of teleportation {unknown}
 r - a scroll of remove curse
Potions
 e - a potion of haste
 h - 3 potions of invisibility {unknown}
 i - a potion of curing {unknown}
Comestibles
 f - 2 rations
 g - a chunk of flesh


   Skills:
 - Level 2.0 Fighting
 * Level 6.6 Bows
 - Level 1.3 Dodging
 - Level 0.4 Stealth


You had one spell level left.
You didn't know any spells.
Your spell library was empty.

Dungeon Overview and Level Annotations

Branches:
Dungeon (2/15)

Altars:


Innate Abilities, Weirdness & Mutations

You have hooves in place of feet.
Armour fits poorly on your strangely shaped body.
You cover ground very quickly.
You have extremely tough skin. (AC +3)


Message History

Firing (i - inventory)
d - 18 arrows (quivered)
Press: ? - help, Shift-Dir - straight line, f/p - centaur
Aim: a centaur, wielding a +0 shortbow and quivering 8 arrows You shoot an arrow.
The arrow closely misses the frilled lizard.
The arrow barely misses the centaur.
Unknown command.
Firing (i - inventory)
d - 17 arrows (quivered)
Press: ? - help, Shift-Dir - straight line, f/p - centaur
Aim: a centaur, wielding a +0 shortbow and quivering 8 arrows You shoot an arrow.
The arrow hits the frilled lizard.
You kill the frilled lizard!
The centaur shoots an arrow.
The arrow closely misses you.
Unknown command.
Firing (i - inventory)
d - 16 arrows (quivered)
Press: ? - help, Shift-Dir - straight line, f/p - centaur
Aim: a centaur, wielding a +0 shortbow and quivering 7 arrows You shoot an arrow.
The arrow barely misses the centaur.
The centaur shoots an arrow.
The arrow hits you!
You die...

#.#.# #...#
##..# .
#.># ..
##.# ...
#.# ...#
#.# ....#
#.###.....#
#(.@(c...(+
#####.....#
....# ...#
..# .# #


You could see a centaur.

Vanquished Creatures
  2 dart slugs
  2 ball pythons
  2 giant cockroaches
  5 hobgoblins
  3 kobolds
  4 bats
  A frilled lizard (D:2)
  4 rats (D:1)
23 creatures vanquished.

Notes
Turn   | Place    | Note
-------+----------+-------------------------------------------
     0 | D:1      | gruber the Centaur Hunter began the quest for the Orb.
     0 | D:1      | Reached XP level 1. HP: 17/17 MP: 1/1
    94 | D:1      | Reached XP level 2. HP: 19/24 MP: 2/2
   199 | D:1      | Reached skill level 6 in Bows
   840 | D:2      | Noticed a centaur
   848 | D:2      | Shot with an arrow by a centaur

Illustrated notes

Levels and vault maps discovered:
D:1:      shiori_arrival_oz, layout_rooms
D:2:      layout_basic, lemuel_round_altar, ashenzari_altar_1, serial_curves,
          eino_curves_02, eino_curves_03, elyvilon_altar_5

Skill      XL: |  1  2 |
---------------+-------+-----
Bows           | 6 |  6.6
Fighting       | |  2.0
Dodging        | |  1.3
Stealth        | |  0.4

Action                   || total
-------------------------++-------
Melee: Short sword       ||    55
       Kick              ||    12
 Fire: Shortbow          ||     5
  Use: Scroll            ||     4
       Potion            ||     1
Armor: Leather armour    ||    19
Dodge: Dodged            ||    23
